 Dungeon Crawl Stone Soup version 0.30.1-11-g7821555f0a (webtiles) character file.

Game seed: 2000174894972939508

23 Unglued128 the Slicer (level 2, 0/20 HPs)
             Began as a Gnoll Wanderer on Nov 18, 2023.
             Slain by a kobold
             ... wielding a +0 club
              (3 damage)
             ... on level 1 of the Dungeon.
             The game lasted 00:03:47 (744 turns).

Unglued128 the Slicer (Gnoll Wanderer)               Turns: 744, Time: 00:03:47

Health: 0/20       AC:  4    Str:  8    XL:     2   Next: 95%
Magic:  7/7        EV: 10    Int: 12    God:
Gold:   15         SH:  7    Dex: 13    Spells: 9/10 levels left

rFire   . . .        n - +2 whip (venom)
rCold   . . .        m - +0 kite shield
rNeg    . . .        d - +0 robe
rPois   .            f - +0 helmet
rElec   .            b - +0 cloak
rCorr   .            (no gloves)
SInv    .            (no boots)
Will    .....        (no amulet)
Stlth   +            (no ring)
HPRegen 0.23/turn    (no ring)
MPRegen 0.10/turn

%: no passive effects
@: no status effects
A: fangs 1, strong nose, distributed training
a: no special abilities


You were on level 1 of the Dungeon.
You visited 1 branch of the dungeon, and saw 1 of its levels.

You collected 15 gold pieces.

Inventory:

Hand Weapons
 a - a +2 short sword
 n - a +2 whip of venom (weapon)
Armour
 b - a +0 cloak (worn)
 d - a +0 robe (worn)
 e - a scarf of resistance
 f - a +0 helmet (worn)
 m - a +0 kite shield (worn)
Scrolls
 c - a scroll of vulnerability
 g - a scroll of blinking {unknown}
 h - a scroll of enchant armour {unknown}
 j - a scroll of teleportation {unknown}
 k - a scroll of identify {unknown}
 o - a scroll of poison {unknown}
Potions
 i - 3 potions of heal wounds {unknown}
 l - a potion of attraction {unknown}


   Skills:
 + Level 0.5 Fighting
 + Level 8.5 Short Blades
 + Level 0.5 Long Blades
 + Level 0.5 Axes
 + Level 0.5 Maces & Flails
 + Level 0.5 Polearms
 + Level 0.5 Staves
 + Level 0.5 Ranged Weapons
 + Level 0.5 Throwing
 + Level 0.5 Armour
 + Level 4.5 Dodging
 + Level 0.5 Stealth
 + Level 0.5 Shields
 + Level 0.5 Unarmed Combat
 + Level 4.9 Spellcasting
 + Level 0.4 Conjurations
 + Level 2.0 Hexes
 + Level 0.4 Summonings
 + Level 0.4 Necromancy
 + Level 0.4 Translocations
 + Level 0.4 Transmutations
 + Level 0.4 Fire Magic
 + Level 0.4 Ice Magic
 + Level 0.4 Air Magic
 + Level 0.4 Earth Magic
 + Level 0.4 Poison Magic
 + Level 2.5 Invocations
 + Level 0.5 Evocations


You had 9 spell levels left.
You knew the following spells:

 Your Spells              Type           Power      Damage    Failure   Level
a - Slow                  Hex            32%        N/A       52%         1

Your spell library contained the following spells:

 Spells                   Type           Power      Damage    Failure   Level
 Summon Guardian Golem    Hex/Summ       5%         N/A       95%         3


Dungeon Overview and Level Annotations

Branches:
Dungeon (1/15)

Altars:


Innate Abilities, Weirdness & Mutations

You have very sharp teeth.
Your uncanny sense of smell can sniff out nearby items.
Your experience applies equally to all skills.


Message History

You hit the quokka. Your bite misses the quokka.
The quokka is heavily wounded.
You block the quokka's attack.
The kobold throws a stone.
The stone misses you.
A kobold comes into view. It is wielding a +0 club.
The kobold throws a stone.
The stone hits you but does no damage.
A goblin comes into view. It is wielding a +0 dagger.
The quokka bites you but does no damage.
The kobold shouts!
You hit the quokka.
You kill the quokka!
The kobold throws a stone.
The stone closely misses you.
The kobold throws a stone.
You block the stone.
The kobold throws a stone.
The stone closely misses you.
The kobold throws a stone.
The stone hits you but does no damage.
The kobold throws a stone.
You block the stone.
A kobold comes into view. It is wielding a +0 dagger.
The kobold shouts!
You hit the goblin.
You kill the goblin!
The kobold barely misses you.
You closely miss the kobold. The kobold hits you but does no damage.
The kobold closely misses you. x2; The kobold hits you with a +0 whip.
You hit the kobold.
You kill the kobold!
You block the kobold's attack. The kobold hits you with a +0 whip.
You hit the kobold.
You kill the kobold!
You block the kobold's attack.
You closely miss the kobold. You bite the kobold, but do no damage.
The kobold hits you with a +0 club. You block the kobold's attack.
The kobold hits you with a +0 dagger.
You hit the kobold.
The kobold is poisoned.
The kobold is moderately wounded.
The kobold hits you with a +0 club.
* * * LOW HITPOINT WARNING * * *
You block the kobold's attack.
You hit the kobold.
You kill the kobold!
The kobold hits you with a +0 club.
You die...

####...#.........##......
+...+.........###.....
#...#.........# ######
#...#.........# ######
#.............###.....
∆..............##......
######...)†.....##..####
................##..#..#
......)@...^....##......
......K))##.....###...<.
..(...........#.# ###..#
.........###.##.# ######
.........# .# ###.....
.........# .. #......
.........# #..####
.......... #..####
#......


You could see a kobold (very poisoned).

Vanquished Creatures
  4 ball pythons (D:1)
  3 bats (D:1)
  2 giant cockroaches (D:1)
  A goblin (D:1)
  A hobgoblin (D:1)
  6 kobolds (D:1)
  A quokka (D:1)
  A frilled lizard (D:1)
  2 rats (D:1)
21 creatures vanquished.

Notes
Turn   | Place    | Note
-------+----------+-------------------------------------------
     0 | D:1      | Unglued128 the Gnoll Wanderer began the quest for the Orb.
     0 | D:1      | Unglued128 set off with the following items: a +2 short
                  | sword, a +0 cloak, a scroll of vulnerability, a +0 robe;
                  | and the following spell memorised: Slow; and the following
                  | spells available to memorise: Summon Guardian Golem.
     0 | D:1      | Reached XP level 1. HP: 13/13 MP: 6/6
   291 | D:1      | Reached XP level 2. HP: 19/19 MP: 7/7
   744 | D:1      | Slain by a kobold

Illustrated notes

Levels and vault maps discovered:
D:1:      minmay_arrival_wavy_path, layout_basic

Skill      XL: |  1 |
---------------+----+-----
Hexes          | 2 |  2.0
Fighting       | |  0.5
Short Blades   | |  8.5
Long Blades    | |  0.5
Axes           | |  0.5
Maces & Flails | |  0.5
Polearms       | |  0.5
Staves         | |  0.5
Ranged Weapons | |  0.5
Throwing       | |  0.5
Armour         | |  0.5
Dodging        | |  4.5
Stealth        | |  0.5
Shields        | |  0.5
Unarmed Combat | |  0.5
Spellcasting   | |  4.9
Conjurations   | |  0.4
Summonings     | |  0.4
Necromancy     | |  0.4
Translocations | |  0.4
Transmutations | |  0.4
Fire Magic     | |  0.4
Ice Magic      | |  0.4
Air Magic      | |  0.4
Earth Magic    | |  0.4
Poison Magic   | |  0.4
Invocations    | |  2.5
Evocations     | |  0.5

Action                     || total
---------------------------++-------
  Melee: Short sword       ||    47
         Bite              ||     3
         Whip              ||    10
   Cast: Slow              ||     4
 Armour: Robe              ||    18
  Dodge: Dodged            ||    23
  Block: Kite shield       ||    12
